 Dungeon Crawl Stone Soup version 0.22-a0-377-g846bec1 (webtiles) character file.

2 StormFighter the Ruffian (level 1, 0/18 HPs)
             Began as a Naga Transmuter on Apr 26, 2018.
             Slain by a leopard gecko (3 damage)
             ... on level 1 of the Dungeon on Apr 27, 2018.
             The game lasted 00:01:21 (219 turns).

StormFighter the Ruffian (Naga Transmuter)           Turns: 219, Time: 00:01:22

Health: 0/18       AC:  1    Str: 12    XL:     1   Next: 30%
Magic:  2/3        EV: 10    Int: 13    God:
Gold:   30         SH:  0    Dex: 11    Spells: 3/4 levels left

rFire    . . .     SeeInvis +   f - +0 dagger
rCold    . . .     Gourm    .   (no shield)
rNeg     . . .     Faith    .   b - +0 robe
rPois    +         Spirit   .   (no helmet)
rElec    .         Reflect  .   (no cloak)
rCorr    .         Harm     .   (no gloves)
MR       .....                  (no barding)
Stlth    +.........             (no amulet)
HPRegen  0.06/turn              (no ring)
MPRegen  0.08/turn              (no ring)

@: appendage, very slow
A: large, horns 2, see invisible, deformed body, poison resistance, slowness 2,
slow metabolism 1, spit poison 1, AC +0
a: Spit Poison, End Transformation


You were on level 1 of the Dungeon.
You were not hungry.
You had grown temporary horns.
You visited 1 branch of the dungeon, and saw 1 of its levels.

You collected 30 gold pieces.

Inventory:

Hand Weapons
 f - a +0 dagger (weapon)
Missiles
 a - 12 arrows
Armour
 b - a +0 robe (worn)
Scrolls
 e - a scroll of blinking {unknown}
Comestibles
 d - 3 rations


   Skills:
 - Level 1.0 Fighting
 + Level 1.7 Dodging
 + Level 3.0 Unarmed Combat
 - Level 2.0 Spellcasting
 - Level 2.0 Transmutations


You had 3 spell levels left.
You knew the following spells:

 Your Spells              Type           Power        Failure   Level  Hunger
a - Beastly Appendage     Tmut           #.....       11%         1    ##.....


Dungeon Overview and Level Annotations

Branches:
Dungeon (1/15)

Altars:


Innate Abilities, Weirdness & Mutations

You cannot wear boots.
Your serpentine skin is tough. (AC +0)
You have supernaturally acute eyesight. (SInv)
Armour fits poorly on your strangely shaped body.
Your system is resistant to poisons. (rPois)
You cover ground very slowly.
You have a slow metabolism.
You can spit poison.
You have a pair of horns on your head.


Message History

f - a +0 dagger (weapon)
You open the door.
There is an open door here.
A leopard gecko and a hobgoblin come into view.
The leopard gecko hisses angrily.
The hobgoblin shouts!
The leopard gecko bites you. The leopard gecko misses you.
The leopard gecko bites you. The leopard gecko misses you.
The leopard gecko bites you but does no damage.
All of the chunks of flesh in your inventory have rotted away.
There is an open door here.
Casting: Beastly Appendage (safe; 11% risk of failure)
Confirm with . or Enter, or press ? or * to list all spells.
You grow a pair of large bovine horns.
The leopard gecko bites you.
You completely miss the leopard gecko. The leopard gecko bites you.
You miss the leopard gecko. The leopard gecko bites you.
* * * LOW HITPOINT WARNING * * *
You barely miss the leopard gecko. Your headbutt misses the leopard gecko.
The leopard gecko bites you.
You die...

######.#######...[
.## #.# #.... # #.#
#.#######.#.. #. #.#
##.........#.. ..
##.# ##.>.########.#
.. ..# ##.....## ..
#.##. #.###.......##
#.
......#.##.........#
. #....gl@.........+
# #...#.##.........#
#.....###.......##
...##### ##.....##
### ##...## ##+##


You could see a leopard gecko and a hobgoblin.

Vanquished Creatures
  A hobgoblin (D:1)
  A rat (D:1)
2 creatures vanquished.

Notes
Turn   | Place    | Note
-------+----------+-------------------------------------------
     0 | D:1      | StormFighter the Naga Transmuter began the quest for the Orb.
     0 | D:1      | Reached XP level 1. HP: 18/18 MP: 3/3
    39 | D:1      | Upgraded the game from 0.22-a0-373-gab1296c to 0.22-a0-377-g846bec1
   219 | D:1      | Slain by a leopard gecko

Vault maps used:
D:1:      noname_arrival_rooms_in_the_neighbourhood, minmay_misc_feat_rugged,
          hex_large, minmay_tree_intersection

Action                   || total
-------------------------++-------
Melee: Unarmed           ||     9
       Dagger            ||     3
 Cast: Beastly Appendage ||     1
Armor: Robe              ||     2
Dodge: Dodged            ||     5

Table legend:
 A = Spawn XP
 B = Non-spawn XP
 C = Spawn XP percentage of total XP
 D = Spawn monster count
 E = Non-spawn monster count
 F = Spawn count percentage of total count
 G = Total turns spent on level
                    A         B        C        D         E        F      G
               +---------+---------+-------+---------+---------+-------+---------
         Total |       0 |       3 |   0.0 |       0 |       2 |   0.0 |   219
               +---------+---------+-------+---------+---------+-------+---------
           D:1 |       0 |       3 |   0.0 |       0 |       2 |   0.0 |   219
               +---------+---------+-------+---------+---------+-------+---------
